 Dungeon Crawl Stone Soup version 0.32-a0-468-g38b2580584 (webtiles) character file.

Game seed: 2271650140406962244

2709 Esekla the Covert (level 9, -13/61 HPs)
             Began as an Octopode Delver on Feb 24, 2024.
             Was an Initiate of Gozag.
             Mangled by an orc warrior
             ... wielding a +0 glaive
              (21 damage)
             ... in a bailey.
             The game lasted 01:04:10 (7974 turns).

Esekla the Covert (Octopode Delver)                 Turns: 7974, Time: 01:04:10

Health: -13/61     AC:  1    Str: 11    XL:     9   Next: 66%
Magic:  13/15      EV: 14    Int: 23    God:    Gozag
Gold:   989        SH:  0    Dex: 13    Spells: 8/16 levels left

rFire   . . .        a - +4 falchion
rCold   . . .        (no shield)
rNeg    . . .        (helmet restricted)
rPois   .            (no amulet)
rElec   .            o - ring of flight
rCorr   .            y - +6 ring of intelligence
SInv    .            (no ring)
Will    .....        (no ring)
Stlth   +++++        (no ring)
HPRegen 0.30/turn    (no ring)
MPRegen 0.14/turn    (no ring)
                     (no ring)

%: no passive effects
@: flying
A: almost no armour, amphibious, 8 rings, camouflage 1, gelatinous body 1,
(nimble swimmer 1), tentacles
a: Renounce Religion, Potion Petition, Call Merchant, Bribe Branch


You were in a bailey.
You worshipped Gozag.
Gozag was pleased with you.
You visited 1 branch of the dungeon, and saw 7 of its levels.
You also visited: Bailey.

You collected 1529 gold pieces.
You spent 540 gold pieces at shops.

Inventory:

Hand Weapons
 a - a +4 falchion (weapon)
 r - a +0 trident
 s - a +0 dagger
Missiles
 v - 4 boomerangs (quivered)
 x - 38 poisoned darts
 E - 6 javelins
Jewellery
 o - a ring of flight (left tentacle)
 y - a +6 ring of intelligence (right tentacle)
Wands
 f - a wand of digging (3)
 C - a wand of roots (12)
Scrolls
 b - a scroll of fog
 g - a scroll of enchant weapon {unknown}
 h - 2 scrolls of brand weapon {unknown}
 i - a scroll of revelation
 l - a scroll of immolation {unknown}
 m - 2 scrolls of summoning {unknown}
 n - a scroll of enchant armour {unknown}
 p - 2 scrolls of torment {unknown}
 q - a scroll of amnesia {unknown}
 u - a scroll of blinking {unknown}
 A - 3 scrolls of teleportation {unknown}
Potions
 c - a potion of degeneration {unknown}
 d - 9 potions of curing {unknown}
 e - a potion of haste
 j - 2 potions of mutation
 k - 6 potions of heal wounds
 t - a potion of experience
 w - a potion of brilliance
 z - 4 potions of invisibility
 B - 2 potions of attraction
 D - 2 potions of enlightenment {unknown}


   Skills:
 * Level 5.5 Fighting
 + Level 0.6(2.9) Short Blades
 + Level 4.5(4.6) Long Blades
 + Level 1.3 Throwing
 * Level 4.4 Dodging
 + Level 9.4 Stealth
 * Level 4.2 Spellcasting
 * Level 3.8 Necromancy
 * Level 4.2 Translocations
 * Level 4.5 Ice Magic


You had 8 spell levels left.
You knew the following spells:

 Your Spells              Type           Power      Damage    Failure   Level
b - Blink                 Tloc           48%        N/A       2%          2
r - Frozen Ramparts       Ice            50%        1d8       4%          3
w - Fugue of the Fallen   Necr           22%        N/A       6%          3

Your spell library contained the following spells:

 Spells                   Type           Power      Damage    Failure   Level
 Gell's Gravitas          Tloc           24%        N/A       5%          3
 Teleport Other           Tloc           24%        N/A       5%          3
 Ensorcelled Hibernation  Hex/Ice        30%        N/A       6%          2
 Magic Dart               Conj           16%        1d3       11%         1
 Call Imp                 Summ           8%         N/A       16%         2
 Anguish                  Hex/Necr       6%         N/A       43%         4
 Leda's Liquefaction      Alch/Erth      2%         N/A       71%         4
 Petrify                  Alch/Erth      4%         N/A       71%         4
 Metabolic Englaciation   Hex/Ice        7%         N/A       73%         5
 Dispersal                Tloc           12%        N/A       95%         6
 Conjure Ball Lightning   Conj/Air       2%         3x3d6     100%        6
 Discord                  Hex            2%         N/A       100%        8
 Disjunction              Tloc           12%        N/A       100%        8


Dungeon Overview and Level Annotations

Branches:
Dungeon (7/15)             Temple (0/1) D:7          Bailey (1/1)

Altars:
Ashenzari
Dithmenos
Elyvilon
Gozag
Hepliaklqana
Makhleb
Sif Muna
Uskayaw
Vehumet
Zin

Shops:
D:4 [   D:5 =

Annotations:
D:2 Terence
D:5 Edmund
D:6 troll


Innate Abilities, Weirdness & Mutations

You cannot wear most types of armour.
You are amphibious.
You can wear up to eight rings at the same time.
Your skin changes colour to match your surroundings (Stealth+).
Your rubbery body absorbs attacks. (AC +1, EV +1)
((You are camouflaged when in or above water. (Stealth+)))
You have tentacles for arms and can constrict up to eight enemies at once.


Message History

You kill the orc!
You now have 952 gold pieces (gained 8).
Things that are here:
a +0 spear; a +0 ring mail You now have 968 gold pieces (gained 16).
E - 6 javelins (gained 2)
Things that are here:
a +0 halberd; a +0 chain mail You now have 983 gold pieces (gained 15).
An orc comes into view. It is wielding a +0 spear.
The helpless orc fails to defend itself.
You skewer the orc like a kebab!!!
You kill the orc!
You now have 989 gold pieces (gained 6).
Things that are here:
a +0 spear; a +0 ring mail An orc warrior comes into view.
It is wielding a +0 glaive.
a - a +4 falchion (weapon)
An orc comes into view. It is wielding a +0 trident.
Cast which spell? (? or * to list)
Casting: Frozen Ramparts (dangerous; 4% risk of failure)
Press: ? - help, Dir - look around, f - activate You miscast Frozen Ramparts.
You are very lightly contaminated with residual magic.
Nothing appears to happen.
The orc shouts!
The orc warrior shouts!
You hear a shout!
The orc warrior closely misses you.
The orc warrior hits you from afar with a +0 glaive!!
Things that are here:
a +0 spear; a +0 ring mail The orc warrior attacks as it pursues you!
The orc warrior hits you from afar with a +0 glaive!!
The orc warrior attacks as it pursues you!
The orc warrior hits you from afar with a +0 glaive!
* * * LOW HITPOINT WARNING * * *
Your magical contamination has completely faded away.
The orc warrior attacks as it pursues you!
The orc warrior hits you from afar with a +0 glaive!!
You die...
Your body crumbles into a pile of gold.

⌠..≈≈..≈≈≈≈≈..≈≈.≈.##..#
≈...≈≈≈.....≈≈≈)≈≈.#⌠..#
≈≈....≈≈≈≈≈≈≈).≈≈).#)o.#
#≈..≈≈.......≈≈≈.⌠.#...#
#≈...≈≈≈≈≈≈≈≈≈.)..##...#
#≈............#####....#
####'##########⌠..o....#
#.....................##
##......).).....@....##
##≈≈≈≈≈≈≈≈≈≈≈≈≈≈≈≈≈##
###################


You could see an orc warrior and an orc.

Vanquished Creatures
  Menkaure (D:4)
  A water moccasin (D:6)
  A sky beast (D:7)
  A black bear (D:6)
  An orc warrior (D:7)
  2 ogres
  4 centaurs
  A phantom (D:5)
  5 kobold brigands
  A bullfrog (D:6)
  5 scorpions
  3 wights (D:7)
  3 bombardier beetles
  A hound (D:6)
  4 jellies
  2 orc priests (D:7)
  A sleepcap (D:6)
  Jessica (D:2)
  2 iguanas
  Ijyb (D:5)
  Natasha (thrice) (D:3)
  An orc wizard (D:7)
  Robin (D:3)
  8 adders
  2 ribbon worms
  8 dart slugs
  20 orcs
  5 bats
  4 endoplasms
  2 giant cockroaches (D:1)
  13 goblins
  16 hobgoblins
  6 jackals
  23 kobolds
  7 quokkas
  10 ball pythons
  A frilled lizard (D:1)
  A rat (D:2)
172 creatures vanquished.

Notes
Turn   | Place    | Note
-------+----------+-------------------------------------------
     0 | D:5      | Esekla the Octopode Delver began the quest for the Orb.
     0 | D:5      | Reached XP level 1. HP: 16/16 MP: 1/1
    12 | D:5      | Noticed a bombardier beetle
    72 | D:5      | Noticed a scorpion
    72 | D:5      | Noticed a centaur
   250 | D:5      | Found a shadowy altar of Dithmenos.
   277 | D:5      | Noticed a jelly
   292 | D:5      | Found Cuset's Jewellery Shop.
   328 | D:5      | Found a broken altar of Ashenzari.
   338 | D:5      | Noticed a jelly
   341 | D:5      | Found a radiant altar of Vehumet.
   342 | D:5      | Found a hide-covered altar of Uskayaw.
   344 | D:5      | Found a shimmering blue altar of Sif Muna.
   369 | D:5      | Found a faded altar of an unknown god.
   370 | D:5      | Found a hazy altar of Hepliaklqana.
   371 | D:5      | Found a faded altar of an unknown god.
   385 | D:5      | Prayed at the altar of an unknown god.
   385 | D:5      | Became a worshipper of Gozag Ym Sagoz the Greedy
   436 | D:4      | Noticed a scorpion
   460 | D:4      | Noticed a bombardier beetle
   474 | D:4      | Noticed an iguana
   506 | D:4      | Identified the +1 robe of Sisto {rElec rN+ Int-2 Archmagi}
   512 | D:4      | Noticed a scorpion
   532 | D:3      | Noticed a bombardier beetle
   657 | D:2      | Reached XP level 2. HP: 18/21 MP: 2/2
   687 | D:2      | Noticed Natasha
   729 | D:2      | Noticed Jessica
   824 | D:1      | Reached skill level 7 in Stealth
   999 | D:1      | Reached XP level 3. HP: 26/26 MP: 3/3
  1019 | D:1      | Learned a level 3 spell: Frozen Ramparts
  1569 | D:2      | Killed Jessica
  1570 | D:2      | Reached skill level 1 in Translocations
  1570 | D:2      | Reached XP level 4. HP: 19/31 MP: 3/5
  1596 | D:2      | Noticed Terence
  1632 | D:3      | Found a faded altar of an unknown god.
  1681 | D:3      | Noticed Robin
  1692 | D:3      | Reached skill level 1 in Spellcasting
  1916 | D:2      | Reached skill level 1 in Ice Magic
  1920 | D:2      | Reached XP level 5. HP: 16/36 MP: 6/6
  1930 | D:2      | Learned a level 2 spell: Blink
  2173 | D:3      | Killed Natasha
  2301 | D:3      | Reached skill level 1 in Necromancy
  2308 | D:3      | Noticed Natasha
  2320 | D:3      | Killed Natasha
  2321 | D:3      | Reached XP level 6. HP: 37/43 MP: 7/7
  2419 | D:3      | Noticed Natasha
  2422 | D:3      | Killed Robin
  2426 | D:3      | Killed Natasha
  2504 | D:2      | Learned a level 3 spell: Fugue of the Fallen
  2726 | D:5      | Noticed Ijyb
  2930 | D:4      | Noticed Menkaure
  2933 | D:4      | Killed Menkaure
  2934 | D:4      | Reached XP level 7. HP: 48/48 MP: 8/10
  3304 | D:5      | Bought a +6 ring of intelligence for 540 gold pieces
  3326 | D:5      | Reached skill level 8 in Stealth
  3520 | D:4      | Found Pofuid's Armour Shoppe.
  3551 | D:4      | Found a burning altar of Makhleb.
  4549 | D:5      | Reached XP level 8. HP: 54/54 MP: 11/11
  4661 | D:5      | Killed Ijyb
  5333 | D:6      | Noticed Edmund
  5533 | D:6      | Noticed a troll
  6050 | D:6      | Reached skill level 5 in Fighting
  6321 | D:6      | Found a glowing silver altar of Zin.
  6332 | D:6      | HP: 1/54 [troll (4)]
  6579 | D:6      | Reached XP level 9. HP: 18/61 MP: 7/14
  7192 | D:7      | Found a white marble altar of Elyvilon.
  7336 | D:7      | Found a staircase to the Ecumenical Temple.
  7343 | D:7      | Reached skill level 1 in Throwing
  7374 | D:7      | Found a flagged portal.
  7680 | Bailey   | Entered a bailey
  7803 | Bailey   | Reached skill level 9 in Stealth
  7974 | Bailey   | Mangled by an orc warrior

Illustrated notes

Levels and vault maps discovered:
D:1:      minmay_arrival_statue_studded, layout_basic
D:2:      wander_river, layout_rooms, uniq_jessica, uniq_terence, uniq_natasha
D:3:      layout_basic, basic_ecumenical_altar, st_stairs_6, uniq_robin
D:4:      layout_gridville, general_overflow_altar, serial_shops, shop,
          uniq_menkaure
D:5:      kennysheep_slugbush, layout_loops_corners,
          nicolae_dithmenos_through_a_glass_darkly,
          nicolae_hepliaklqana_ecumenical_no_more,
          nicolae_overflow_macrodata_refinement, serial_shops, shop, uniq_ijyb
D:6:      layout_basic, zin_statuary, uniq_edmund
D:7:      layout_gridville, mainiacjoe_overflow_alcove_2,
          minmay_temple_entry_proselytizer, enter_bailey_2,
          uniq_crazy_yiuf_cottage
Bailey:   bailey_polearm_flooded_kennysheep, bailey

Skill      XL: |  1  2  3  4  5  6  7  8  9 |
---------------+----------------------------+-----
Stealth        | 7 8 9 |  9.4
Translocations | 1 2 3 4 |  4.2
Spellcasting   | 1 2 3 4 |  4.2
Ice Magic      | 1 2 3 4 |  4.5
Necromancy     | 1 2 3 |  3.8
Long Blades    | 3 4 |  4.5
Fighting       | 4 5 |  5.5
Dodging        | 3 4 |  4.4
Throwing       | 1 |  1.3
Short Blades   | |  0.6

Action                     |  1- 3 |  4- 6 |  7- 9 || total
---------------------------+-------+-------+-------++-------
  Melee: Falchion          |    64 |    35 |    22 ||   121
         Constrict         |    18 |    14 |    40 ||    72
         Tentacles         |    12 |    18 |    44 ||    74
         Dagger            |     4 |    15 |    28 ||    47
         Long sword        |       |    20 |   147 ||   167
  Throw: Boomerang         |       |       |    15 ||    15
         Dart              |       |       |    15 ||    15
   Cast: Blink             |       |     1 |    10 ||    11
         Frozen Ramparts   |       |     3 |    21 ||    24
         Fugue of the Fall |       |     1 |     2 ||     3
  Evoke: Wand              |       |       |     1 ||     1
    Use: Scroll            |     2 |     3 |     4 ||     9
         Potion            |     1 |       |       ||     1
   Stab: Sleeping          |     8 |    10 |    19 ||    37
         Distracted        |       |     1 |       ||     1
 Armour: Skin              |    32 |    41 |   106 ||   179
  Dodge: Dodged            |    44 |    42 |   149 ||   235

Table legend: (Time is in decaauts)
 A = Elapsed time spent in this place.
 B = Non-inter-level travel time spent in this place.
 C = Inter-level travel time spent in this place.
 D = Time resting spent in this place.
 E = Time spent auto-exploring this place.
 F = Levels seen in this place.
 G = Mean time per level.
                   A        B        C        D        E       F      G
               +--------+--------+--------+--------+--------+-----+--------+
         Total |   8020 |   7726 |    294 |   2222 |    870 |   8 | 1002.5 |
       Dungeon |   7728 |   7434 |    294 |   2220 |    870 |   7 | 1104.0 |
        Bailey |    292 |    292 |      0 |      2 |      0 |   1 |  292.0 |
               +--------+--------+--------+--------+--------+-----+--------+

Top non-repeatable levels by time:
     D:5: 2512 daAuts
     D:6: 1325 daAuts
     D:4: 971 daAuts
     D:3: 900 daAuts
     D:2: 787 daAuts
     D:1: 637 daAuts
     D:7: 594 daAuts
  Bailey: 292 daAuts
